 Dungeon Crawl Stone Soup version 0.20.1-1-g8b1a95d (webtiles) character file.

28846 polly the Brawler (level 13, 0/100 HPs)
             Began as a Demonspawn Gladiator on Dec 14, 2017.
             Was the Champion of Okawaru.
             Slain by an unseen horror (4 damage)
             ... summoned by a boggart
             ... on level 14 of the Dungeon.
             The game lasted 00:26:12 (12635 turns).

polly the Brawler (Demonspawn Gladiator)           Turns: 12635, Time: 00:26:12

Health: 0/100      AC:  7    Str: 21    XL:     13   Next: 12%
Magic:  0/13       EV:  9    Int: 11    God:    Okawaru [******]
Gold:   853        SH:  0    Dex: 17    Spells: 12/12 levels left

rFire    . . .     SeeInvis .     - Unarmed
rCold    . . .     Gourm    .   (no shield)
rNeg     . . .     Faith    .   R - +0 plate armour
rPois    .         Spirit   +   (helmet unavailable)
rElec    +         Reflect  .   b - +0 cloak
rCorr    +         Harm     .   (gloves unavailable)
MR       .....                  (no boots)
Stlth    ..........             j - amulet of regeneration
Regen    0.7/turn               J - +3 ring of strength
MPRegen  0.3/turn               S - ring of resist corrosion

@: corroded, very slightly contaminated, invisible
A: claws 3, hooves 1, horns 3, clever 1, powered by death 1, robust 1,
electricity resistance, magic shield, magic regeneration
a: Heroism, Finesse, Renounce Religion


You were on level 14 of the Dungeon.
You worshipped Okawaru.
Okawaru was exalted by your worship.
You were not hungry.

You visited 1 branch of the dungeon, and saw 14 of its levels.

You collected 853 gold pieces.

Inventory:

Hand Weapons
 P - the +1 arbalest "Giffoc" {penet, MP+9 Dex+4}
   (Okawaru gifted it to you on level 11 of the Dungeon)

   Ammo fired by it will pass through the targets it hits, potentially hitting
   all targets in its path until it reaches maximum range.
   It affects your dexterity (+4).
   It affects your magic capacity (+9).
 V - a +2 arbalest of freezing
Missiles
 O - 5 steel tomahawks (quivered)
Armour
 b - a +0 cloak (worn)
 R - a +0 plate armour (worn)
Jewellery
 j - an amulet of regeneration (around neck)
 J - a +3 ring of strength (left claw)
 S - a ring of resist corrosion (right claw)
 U - an uncursed ring of flight
Wands
 w - a wand of acid (5/15)
 x - a wand of lightning (3/15)
 D - a wand of digging (17/24)
 H - a wand of lightning (6/15)
Scrolls
 a - a scroll of magic mapping {unknown}
 h - 4 scrolls of remove curse
 i - 6 scrolls of teleportation {unknown}
 k - 2 scrolls of random uselessness {unknown}
 m - 2 scrolls of recharging
 n - a scroll of fear {unknown}
 r - 6 scrolls of amnesia {unknown}
 s - 2 scrolls of immolation
 v - 4 scrolls of fog {unknown}
 y - 2 scrolls of enchant weapon
 M - a scroll of blinking {unknown}
Potions
 c - a potion of heal wounds
 e - a potion of ambrosia {unknown}
 o - 4 potions of mutation
 t - a potion of cancellation
 u - 4 potions of brilliance
 z - a potion of agility
 A - a potion of flight {unknown}
 I - a potion of resistance
 Q - a potion of might
Books
 E - a book of Callings

   Spells                             Type                      Level
   a - Summon Small Mammal            Summoning                    1
   b - Call Imp                       Summoning                    2
   c - Call Canine Familiar           Summoning                    3
   d - Summon Guardian Golem          Hexes/Summoning              3
   e - Summon Lightning Spire         Summoning/Air                4
   f - Summon Ice Beast               Ice/Summoning                4
 N - a book of Changes

   Spells                             Type                      Level
   a - Beastly Appendage              Transmutation                1
   b - Sticks to Snakes               Transmutation                2
   c - Spider Form                    Transmutation/Poison         3
   d - Ice Form                       Ice/Transmutation            4
   e - Blade Hands                    Transmutation                5
Comestibles
 d - 12 bread rations
 f - 8 meat rations
 g - 5 royal jellies
 p - a chunk of flesh
 C - 3 fruits


   Skills:
 + Level 5.2 Fighting
 + Level 2.1 Throwing
 + Level 8.9 Armour
 + Level 4.5 Dodging
 + Level 3.5 Stealth
 * Level 16.5 Unarmed Combat
 + Level 1.0 Evocations


You had 12 spell levels left.
You didn't know any spells.

Dungeon Overview and Level Annotations

Branches:
Dungeon (14/15)            Temple (0/1) D:5            Lair (0/6) D:10
    Orc (0/2) D:9          Vaults (0/5) D:14

Altars:
Ashenzari
Fedhas
Gozag
Kikubaaqudgha
Makhleb
Okawaru
Qazlal
Vehumet
The Shining One

Shops:
D:14 }


Innate Abilities, Weirdness & Mutations

You have claws for hands.
You have large cloven feet.
You have a pair of large horns on your head.
You regenerate a little health from kills.
You are robust. (+10% HP)
When hurt, damage is shared between your health and your magic reserves.
You regenerate magic rapidly.
Your mind is acute. (Int +2)
You are resistant to electric shocks. (rElec)


Message History

Something hits you.
* * * LOW HITPOINT WARNING * * *
You fade into invisibility!
Something hits you but does no damage. Something hits you.
* * * LOW HITPOINT WARNING * * *
The slime creature hits you but does no damage.
Something hits you.
* * * LOW HITPOINT WARNING * * *
The vampire mosquito barely misses you. The shadow hits you.
* * * LOW HITPOINT WARNING * * *
You are very lightly contaminated with residual magic.
Something hits you.
* * * LOW HITPOINT WARNING * * *
The vampire mosquito closely misses you.
The shadow slips into darkness.
The shadow flickers and vanishes!
You see here a potion of heal wounds.
c - a potion of heal wounds Something hits you.
You die...

...########################'#####
###......# #..................
..#......# #.......O..........
..#......# #......y...........
..#......# #..................
..#.###..# #.....g....>.......
..+.# #..# #..................
..#.###..# #..JJ..............
..#......# #.@.{..............
..#......## +..y..............
..##......# ########+#####...
...#......# .. ...'......#
...#.####.# ...#.# #.# ...#.# #.#
...#.# #.#


You could see 2 slime creatures, a two-headed ogre, 2 vampire mosquitoes and a
boggart.

Vanquished Creatures
  Frances (D:14)
  2 hydras
  A death knight (D:12)
  A centaur warrior (D:13)
  A tengu warrior (D:13)
  5 two-headed ogres
  An unseen horror (D:12)
  A deep elf archer (D:13)
  2 phantasmal warriors (D:13)
  A cyclops (D:13)
  7 ugly things
  2 manticores
  A moth of wrath (shapeshifter) (D:14)
  Joseph (D:7)
  A black mamba (shapeshifter) (D:14)
  A gargoyle (D:12)
  2 yaktaurs (shapeshifter)
  A tengu conjurer (D:13)
  2 freezing wraiths (D:13)
  2 trolls
  An efreet (D:14)
  3 meliai (D:14)
  Prince Ribbit (D:7)
  A hornet (D:13)
  4 hippogriffs
  A spriggan (D:7)
  2 shadows
  A vampire (D:12)
  2 wyverns (D:11)
  3 yaks (D:8)
  7 vampire mosquitoes
  2 hungry ghosts
  3 acid dragons
  3 sky beasts
  7 ogres
  A black bear (shapeshifter) (D:14)
  3 necrophages
  4 phantoms
  3 boggarts (D:14)
  6 orc warriors
  3 centaurs
  Blork the orc (D:6)
  2 big kobolds
  11 bullfrogs
  A water moccasin skeleton (D:12)
  5 scorpions
  10 wights (D:10)
  13 killer bees
  8 howler monkeys
  11 crimson imps
  2 bullfrog zombies
  6 hounds
  A quasit (D:14)
  7 orc priests
  3 jellies
  Terence (D:2)
  Crazy Yiuf (D:2)
  Jessica (D:3)
  3 bullfrog skeletons
  3 centaur skeletons
  Ijyb (D:3)
  An iguana (D:4)
  8 orc wizards
  Natasha (thrice) (D:2)
  8 worker ants
  A hound zombie (D:5)
  A worker ant zombie (D:6)
  A howler monkey skeleton (D:4)
  A howler monkey zombie (D:6)
  A gnoll (D:1)
  8 adders
  2 shadow imps
  4 adder skeletons
  2 worms
  4 dart slugs
  4 leopard geckos
  31 orcs
  12 bats
  4 giant cockroaches
  12 hobgoblins
  9 jackals
  5 quokkas
  8 frilled lizards
  11 goblins
  16 kobolds
  A leopard gecko skeleton (D:5)
  2 quokka skeletons
  9 rats
357 creatures vanquished.

Notes
Turn   | Place    | Note
-------+----------+-------------------------------------------
     0 | D:1      | polly the Demonspawn Gladiator began the quest for the Orb.
     0 | D:1      | Reached XP level 1. HP: 16/16 MP: 1/1
    27 | D:1      | Reached skill level 3 in Unarmed Combat
    27 | D:1      | Gained mutation: You have sharp fingernails. [demonic ancestry]
    27 | D:1      | Reached XP level 2. HP: 4/22 MP: 2/2
   712 | D:1      | Gained mutation: When hurt, damage is shared between your health and your magic reserves. [demonic ancestry]
   712 | D:1      | Reached XP level 3. HP: 24/27 MP: 3/3
  1393 | D:2      | Found a radiant altar of Vehumet.
  1450 | D:2      | Noticed Natasha
  1463 | D:2      | Killed Natasha
  1463 | D:2      | Reached skill level 1 in Armour
  1463 | D:2      | Gained mutation: You regenerate a little health from kills. [demonic ancestry]
  1463 | D:2      | Reached XP level 4. HP: 28/33 MP: 4/4
  1582 | D:2      | Noticed Terence
  1606 | D:2      | Killed Terence
  1606 | D:2      | Reached skill level 4 in Unarmed Combat
  1654 | D:2      | Noticed Natasha
  1659 | D:2      | Killed Natasha
  1684 | D:2      | Gained mutation: You have a pair of small horns on your head. [demonic ancestry]
  1684 | D:2      | Reached XP level 5. HP: 38/38 MP: 5/5
  1691 | D:2      | Noticed Natasha
  1700 | D:2      | Killed Natasha
  1919 | D:2      | Found a runed door.
  2001 | D:2      | Noticed Crazy Yiuf
  2009 | D:2      | Killed Crazy Yiuf
  2095 | D:3      | Found a shattered altar of Ashenzari.
  2096 | D:3      | Found an iron altar of Okawaru.
  2107 | D:3      | Became a worshipper of Warmaster Okawaru
  2209 | D:3      | Noticed Jessica
  2220 | D:3      | Killed Jessica
  2220 | D:3      | Reached skill level 5 in Unarmed Combat
  2489 | D:3      | Found an ancient bone altar of Kikubaaqudgha.
  2490 | D:3      | Noticed Ijyb
  2499 | D:3      | Gained mutation: You have large cloven feet. [demonic ancestry]
  2499 | D:3      | Reached XP level 6. HP: 45/45 MP: 6/6
  2510 | D:3      | Killed Ijyb
  2999 | D:4      | Reached * piety under Okawaru
  3025 | D:4      | Reached skill level 6 in Unarmed Combat
  3498 | D:4      | Found an iron altar of Okawaru.
  3503 | D:4      | Gained mutation: You have a pair of horns on your head. [demonic ancestry]
  3503 | D:4      | Reached XP level 7. HP: 51/51 MP: 7/7
  3701 | D:5      | Entered Level 5 of the Dungeon
  3844 | D:5      | Found a staircase to the Ecumenical Temple.
  3967 | D:5      | Reached skill level 7 in Unarmed Combat
  4046 | D:5      | Found a glowing golden altar of the Shining One.
  4231 | D:5      | Reached ** piety under Okawaru
  4769 | D:6      | Found a burning altar of Makhleb.
  4974 | D:6      | Gained mutation: You regenerate magic rapidly. [demonic ancestry]
  4974 | D:6      | Reached XP level 8. HP: 52/58 MP: 5/8
  5036 | D:6      | Reached skill level 8 in Unarmed Combat
  5186 | D:6      | Noticed Blork the orc
  5196 | D:6      | Killed Blork the orc
  5265 | D:6      | Noticed a two-headed ogre
  5275 | D:6      | Killed a two-headed ogre
  5275 | D:6      | Reached *** piety under Okawaru
  5275 | D:6      | Reached skill level 1 in Stealth
  5275 | D:6      | Reached skill level 9 in Unarmed Combat
  5289 | D:6      | Reached XP level 9. HP: 47/64 MP: 7/9
  5497 | D:7      | Noticed Prince Ribbit
  5503 | D:7      | Noticed Joseph
  5509 | D:7      | Killed Prince Ribbit
  5521 | D:7      | Killed Joseph
  5521 | D:7      | Reached skill level 10 in Unarmed Combat
  5733 | D:7      | Reached **** piety under Okawaru
  6149 | D:8      | Found a stormy altar of Qazlal.
  6264 | D:8      | Reached skill level 11 in Unarmed Combat
  6312 | D:8      | Reached skill level 5 in Armour
  6790 | D:8      | Reached ***** piety under Okawaru
  6790 | D:8      | Gained mutation: You have very sharp fingernails. [demonic ancestry]
  6790 | D:8      | Reached XP level 10. HP: 29/70 MP: 5/10
  6864 | D:9      | Received a gift from Okawaru
  6910 | D:9      | Found an opulent altar of Gozag.
  7035 | D:9      | Noticed a two-headed ogre
  7058 | D:9      | Killed a two-headed ogre
  7058 | D:9      | Reached skill level 12 in Unarmed Combat
  7359 | D:9      | Found a staircase to the Orcish Mines.
  7384 | D:9      | Gained mutation: You are frail. (-10% HP) [mutagenic meat]
  7385 | D:9      | Gained mutation: You are somewhat resistant to further mutation. [mutagenic meat]
  7434 | D:10     | Entered Level 10 of the Dungeon
  7739 | D:10     | Found a staircase to the Lair.
  8490 | D:10     | Reached skill level 13 in Unarmed Combat
  8624 | D:11     | Received a gift from Okawaru
  8716 | D:11     | Gained mutation: You have a pair of large horns on your head. [demonic ancestry]
  8716 | D:11     | Reached XP level 11. HP: 68/68 MP: 11/11
  8903 | D:11     | Received a gift from Okawaru
  8908 | D:11     | Got a bloodstained arbalest {god gift}
  8909 | D:11     | Identified the +1 arbalest "Giffoc" {penet, MP+9 Dex+4} (Okawaru gifted it to you on level 11 of the Dungeon)
  9043 | D:11     | Noticed a green ugly thing
  9052 | D:11     | Killed a green ugly thing
  9489 | D:12     | Found a blossoming altar of Fedhas.
  9652 | D:12     | Killed an unseen horror
  9785 | D:12     | Noticed a green ugly thing
  9793 | D:12     | Killed a green ugly thing
 10046 | D:12     | Reached skill level 14 in Unarmed Combat
 10079 | D:12     | Reached ****** piety under Okawaru
 10142 | D:12     | Received a gift from Okawaru
 10364 | D:12     | Gained mutation: Your body sometimes deteriorates upon taking damage. [mutagenic meat]
 10368 | D:12     | Lost mutation: You are somewhat resistant to further mutation. [potion of mutation]
 10368 | D:12     | Lost mutation: Your body sometimes deteriorates upon taking damage. [potion of mutation]
 10368 | D:12     | Lost mutation: You are frail. (-10% HP) [potion of mutation]
 10368 | D:12     | Gained mutation: Your mind is acute. (Int +2) [potion of mutation]
 10368 | D:12     | Gained mutation: You are resistant to electric shocks. (rElec) [potion of mutation]
 10395 | D:12     | Noticed a two-headed ogre
 10406 | D:12     | Killed a two-headed ogre
 10505 | D:13     | Noticed a two-headed ogre
 10513 | D:13     | Killed a two-headed ogre
 10757 | D:13     | Noticed a tengu warrior
 10805 | D:13     | Killed a tengu warrior
 10805 | D:13     | Gained mutation: You are robust. (+10% HP) [demonic ancestry]
 10805 | D:13     | Reached XP level 12. HP: 41/92 MP: 8/12
 10948 | D:13     | Noticed a death knight
 10967 | D:13     | Received a gift from Okawaru
 10999 | D:12     | Killed a death knight
 10999 | D:12     | Reached skill level 15 in Unarmed Combat
 11307 | D:13     | Noticed an eight-headed hydra
 11320 | D:13     | Killed an eight-headed hydra
 11320 | D:13     | Reached skill level 5 in Fighting
 11330 | D:13     | HP: 3/94 [deep elf archer/arrow (13)]
 11339 | D:13     | HP: 1/94 [deep elf archer/arrow (19)]
 11561 | D:13     | Reached skill level 1 in Evocations
 11724 | D:13     | Noticed a centaur warrior
 11730 | D:13     | Killed a centaur warrior
 11909 | D:14     | Received a gift from Okawaru
 11943 | D:14     | Found a gate to the Vaults.
 12076 | D:14     | Noticed a four-headed hydra
 12084 | D:14     | Killed a four-headed hydra
 12084 | D:14     | Reached skill level 16 in Unarmed Combat
 12131 | D:14     | Found Ciqisutu's Gadget Boutique.
 12185 | D:14     | Noticed Frances
 12201 | D:14     | Killed Frances
 12201 | D:14     | Gained mutation: You have claws for hands. [demonic ancestry]
 12201 | D:14     | Reached XP level 13. HP: 55/100 MP: 8/13
 12633 | D:14     | HP: 5/100 [shadow[a boggart] (4)]
 12635 | D:14     | Slain by an unseen horror

Skill      XL: |  1  2  3  4  5  6  7  8  9 10 11 12 |
---------------+-------------------------------------+-----
Unarmed Combat | 3 4 5 6 7 9 11 13 14 16 | 16.5
Dodging        | 3 4 |  4.5
Armour         | 1 2 4 5 7 8 |  8.9
Fighting       | 3 4 5 |  5.2
Stealth        | 1 2 3 |  3.5
Throwing       | 2 |  2.1
Evocations     | 1 |  1.0

Action                   |  1- 3 |  4- 6 |  7- 9 | 10-12 | 13-15 || total
-------------------------+-------+-------+-------+-------+-------++-------
Melee: Unarmed           |   112 |   200 |   256 |   635 |    28 ||  1231
       Headbutt          |       |    36 |    46 |   144 |     2 ||   228
       Punch             |       |     1 |     6 |    37 |     1 ||    45
       Kick              |       |    20 |    74 |   213 |     9 ||   316
Throw: Throwing net      |       |     2 |     2 |     5 |       ||     9
       Tomahawk          |       |       |       |     4 |       ||     4
Invok: Heroism           |       |       |       |       |     1 ||     1
Evoke: Wand              |       |       |       |     2 |       ||     2
  Use: Scroll            |       |       |    10 |     6 |     1 ||    17
       Potion            |       |       |     3 |    15 |     7 ||    25
 Stab: Sleeping          |     1 |       |       |       |       ||     1
       Invisible         |       |       |     5 |       |     2 ||     7
       Held in net/web   |       |       |       |     5 |       ||     5
  Eat: Chunk             |     1 |     6 |    11 |    23 |     3 ||    44
       Royal jelly       |       |       |       |     1 |       ||     1
Armor: Leather armour    |    33 |     1 |       |       |       ||    34
       Scale mail        |       |    58 |    60 |   111 |       ||   229
       Plate armour      |       |       |       |   230 |    38 ||   268
Dodge: Dodged            |    69 |    83 |   161 |   290 |    53 ||   656
